 Dungeon Crawl Stone Soup version 0.20-a0-809-gaf7f668 (webtiles) character file.

19527 dvd the Spear-Bearer (level 12, -2/108 HPs)
             Began as a Minotaur Fighter on Mar 3, 2017.
             Was a Believer of Wu Jian.
             Slain by a manticore (9 damage)
             ... on level 11 of the Dungeon.
             The game lasted 00:32:05 (9603 turns).

dvd the Spear-Bearer (Minotaur Fighter)             Turns: 9603, Time: 00:32:06

Health: -2/108     AC: 17    Str: 22    XL:     12   Next: 37%
Magic:  13/13      EV: 14    Int:  5    God:    Wu Jian [**....]
Gold:   541        SH: 12    Dex: 14    Spells: 11/11 levels left

rFire    . . .     SeeInvis .   b - +4 trident (flame)
rCold    . . .     Gourm    .   L - +2 ring mail {rPois}
rNeg     + + .     Faith    .   c - +0 shield
rPois    +         Spirit   .   T - +2 hat
rElec    .         Reflect  .   G - +2 cloak
rCorr    .         Harm     .   C - +2 pair of gloves
MR       .....                  (no boots)
Stlth    +.........             i - amulet of rage
Regen    0.3/turn               y - ring of positive energy
MPRegen  0.2/turn               v - ring of positive energy

@: barbed spikes, flying
A: retaliatory headbutt, horns 2, blurry vision 1, poison resistance
a: Renounce Religion, Evoke Berserk Rage


You were on level 11 of the Dungeon.
You worshipped Wu Jian.
Wu Jian was pleased with you.
You were not hungry.

You visited 2 branches of the dungeon, and saw 12 of its levels.

You collected 541 gold pieces.

Inventory:

Hand Weapons
 a - a +0 war axe of protection
 b - a +4 trident of flaming (weapon)
 M - a +2 whip of venom
 V - a +0 flail of draining
Missiles
 B - 4 tomahawks (quivered)
 U - 2 tomahawks of returning
Armour
 c - a +0 shield (worn)
 C - a +2 pair of gloves (worn)
 G - a +2 cloak (worn)
 L - a +2 ring mail of poison resistance (worn)
 R - a +3 leather armour
 T - a +2 hat (worn)
Jewellery
 i - an amulet of rage (around neck)
 v - a ring of positive energy (left hand)
 y - a ring of positive energy (right hand)
 N - an uncursed ring of flight
Wands
 e - a wand of iceblast (12/15)
 g - a wand of lightning (6/15)
 m - a wand of confusion (36/48)
 p - a wand of random effects (20/48)
 x - a wand of digging (12/24)
 J - a wand of polymorph (17/24)
Scrolls
 h - 2 scrolls of teleportation
 j - 4 scrolls of amnesia
 k - 2 scrolls of enchant armour
 l - 3 scrolls of immolation
 w - 8 scrolls of identify
 z - a scroll of fog
 A - a scroll of magic mapping
 Q - a scroll of enchant weapon
Potions
 d - 2 potions of might
 n - 2 potions of agility {unknown}
 r - 2 potions of curing
 s - a potion of berserk rage {unknown}
 t - 3 potions of lignification {unknown}
 D - 3 potions of flight
 E - a potion of degeneration {unknown}
 F - 2 potions of mutation
 I - a potion of magic
 K - a potion of heal wounds {unknown}
 O - 2 potions of brilliance {unknown}
 P - a potion of cancellation {unknown}
Comestibles
 f - 12 bread rations
 o - 12 fruits
 q - 5 royal jellies
 u - 6 meat rations
 S - 13 chunks of flesh


   Skills:
 + Level 10.8 Fighting
 + Level 5.4(10.9) Axes
 + Level 14.2(14.5) Polearms
 + Level 0.4 Throwing
 + Level 9.3 Armour
 + Level 6.2 Dodging
 + Level 2.0 Stealth
 + Level 11.1 Shields
 + Level 3.2 Evocations


You had 11 spell levels left.
You didn't know any spells.

Dungeon Overview and Level Annotations

Branches:
Dungeon (11/15)            Temple (1/1) D:7            Lair (0/6) D:9
    Orc (0/2) D:10

Altars:
Ashenzari
Cheibriados
Dithmenos
Elyvilon
Fedhas
Gozag
Hepliaklqana
Kikubaaqudgha
Makhleb
Nemelex Xobeh
Okawaru
Qazlal
Ru
Sif Muna
Trog
Uskayaw
Vehumet
Wu Jian
Xom
Yredelemnul
Zin
The Shining One

Shops:
D:5 *(((


Innate Abilities, Weirdness & Mutations

You reflexively headbutt those who attack you in melee.
You have a pair of horns on your head.
Scrolls take you a little longer to read.
Your system is resistant to poisons. (rPois)


Message History

You feel very buoyant.
You fly up into the air.
Unknown command.
It was a potion of mutation.
You feel extremely strange.
Your vision blurs.
You feel resistant to poisons.
The eight-headed hydra roars!
The manticore flicks its tail.
The volley of spikes hits you!
The barbed spikes become lodged in your body.
* * * LOW HITPOINT WARNING * * *
You feel better.
A centaur warrior skeleton comes into view.
Unknown command.
Really read with blurry vision while enemies are nearby?
Okay, then.
Really read with blurry vision while enemies are nearby?
You begin reading the scroll.
You continue reading the scroll.
You block the manticore's attack. The manticore misses you.
The manticore claws you!
You die...

##########
#........#########
#........##.......
#........##.......
#.......[##.......
#.....Z..........)
#........##.......
#@H......##.......
#.D......#####'###
#........# #.###
######(#### #...#
#..Do..# ###'#
###.###### #...
#.(.)....### #...
#....)))...# #...
#........#.....
#...


You could see an eight-headed hydra, a manticore and a centaur warrior skeleton.

Vanquished Creatures
  Gastronok (D:11)
  The ghost of graki42 the Eclecticist, a journeyman DEFE of Vehumet (D:9)
  Erica (D:11)
  3 two-headed ogres
  3 death yaks
  The ghost of Malvoorn the Martial Artist, a novice DsBe of Trog (D:8)
  2 deep elf magi
  2 manticores (D:11)
  A cyclops (D:11)
  Joseph (D:7)
  2 komodo dragons (D:11)
  A merfolk (D:11)
  A hippogriff (D:7)
  A vampire (D:11)
  Sigmund (D:5)
  12 yaks
  2 wyverns
  A wraith (D:10)
  A basilisk (D:11)
  Menkaure (D:5)
  4 wargs (D:10)
  An acid dragon (D:7)
  2 water moccasins
  A porcupine (D:9)
  2 black bears
  3 ice beasts
  A sky beast (D:6)
  2 phantoms
  A necrophage (D:11)
  6 ogres
  4 centaurs
  3 crocodiles
  5 bullfrogs
  4 big kobolds
  2 wyvern skeletons
  5 scorpions
  A killer bee (D:7)
  3 wights (D:9)
  4 howler monkeys (D:9)
  3 centaur zombies
  6 crimson imps
  3 orc priests
  3 bullfrog zombies
  5 hounds
  3 centaur skeletons
  3 jellies
  2 bullfrog skeletons
  An iguana (D:4)
  7 orc wizards
  4 hell rats
  11 worker ants
  A killer bee zombie (D:10)
  A hound zombie (D:6)
  3 hound skeletons
  2 worker ant zombies
  10 gnolls
  5 river rats (D:8)
  12 adders
  4 shadow imps
  2 oozes
  2 adder skeletons
  2 worms
  3 dart slugs
  2 leopard geckos
  40 orcs
  A ball python (D:1)
  7 giant cockroaches
  8 goblins
  5 hobgoblins
  7 jackals
  13 quokkas
  7 bats
  7 frilled lizards
  19 kobolds
  29 rats
336 creatures vanquished.

Vanquished Creatures (others)
  An orc (D:11)
  A quokka (D:11)
2 creatures vanquished.

Grand Total: 338 creatures vanquished

Notes
Turn   | Place    | Note
-------+----------+-------------------------------------------
     0 | D:1      | dvd the Minotaur Fighter began the quest for the Orb.
     0 | D:1      | Reached XP level 1. HP: 19/19 MP: 0/0
   105 | D:1      | Reached XP level 2. HP: 27/27 MP: 1/1
   564 | D:2      | Reached XP level 3. HP: 22/33 MP: 2/2
   942 | D:2      | Found a burning altar of Makhleb.
   997 | D:2      | Reached XP level 4. HP: 35/41 MP: 3/3
  1281 | D:3      | Reached XP level 5. HP: 30/47 MP: 4/4
  1566 | D:3      | Reached skill level 5 in Armour
  1691 | D:3      | Reached skill level 1 in Dodging
  1822 | D:3      | Reached XP level 6. HP: 53/55 MP: 5/5
  2033 | D:3      | Reached skill level 1 in Polearms
  2124 | D:4      | Found a shattered altar of Ashenzari.
  2202 | D:4      | Reached skill level 5 in Fighting
  2202 | D:4      | Reached skill level 5 in Shields
  2588 | D:5      | Entered Level 5 of the Dungeon
  2588 | D:5      | Found Asull's Weapon Emporium.
  2631 | D:5      | Reached skill level 2 in Polearms
  2701 | D:5      | Found a shimmering altar of Xom.
  2713 | D:5      | Reached skill level 3 in Polearms
  2738 | D:5      | Reached XP level 7. HP: 47/61 MP: 6/6
  2873 | D:5      | Reached skill level 4 in Polearms
  2922 | D:5      | Reached skill level 5 in Polearms
  2924 | D:5      | Found Norchas's Antique Weapon Shoppe.
  2935 | D:5      | Found Leceg's Weapon Shop.
  2956 | D:5      | Noticed Menkaure
  2962 | D:5      | Killed Menkaure
  2962 | D:5      | Reached skill level 1 in Stealth
  2962 | D:5      | Reached XP level 8. HP: 42/69 MP: 7/7
  3100 | D:5      | Reached skill level 6 in Polearms
  3105 | D:5      | Noticed Sigmund
  3121 | D:5      | Killed Sigmund
  3168 | D:5      | Found Oqezo's Assorted Antiques.
  3507 | D:6      | Reached skill level 7 in Polearms
  3967 | D:7      | Found a staircase to the Ecumenical Temple.
  3970 | D:7      | Noticed Joseph
  3975 | D:7      | Reached XP level 9. HP: 75/75 MP: 8/8
  3982 | D:7      | Killed Joseph
  3982 | D:7      | Reached skill level 8 in Polearms
  3982 | D:7      | Reached skill level 1 in Evocations
  4012 | Temple   | Entered the Ecumenical Temple
  4269 | D:7      | Reached skill level 9 in Polearms
  5005 | D:8      | Noticed Malvoorn's ghost (novice DsBe)
  5021 | D:8      | Killed Malvoorn's ghost
  5117 | D:8      | Reached skill level 10 in Polearms
  5357 | D:8      | Found a sacrificial altar of Ru.
  5590 | D:8      | Reached XP level 10. HP: 81/86 MP: 10/10
  5851 | D:9      | Noticed graki42's ghost (journeyman DEFE)
  5871 | D:9      | Killed graki42's ghost
  5922 | D:9      | Noticed a death yak
  5923 | D:9      | Noticed a death yak
  5924 | D:9      | Found a staircase to the Lair.
  5925 | D:9      | Noticed a death yak
  5947 | D:9      | Killed a death yak
  5947 | D:9      | Reached skill level 11 in Polearms
  6204 | D:8      | Killed a death yak
  6326 | D:9      | Noticed a two-headed ogre
  6331 | D:9      | Killed a two-headed ogre
  6362 | D:9      | Reached skill level 12 in Polearms
  6506 | D:9      | Reached XP level 11. HP: 91/97 MP: 11/11
  6657 | D:9      | Found a blossoming altar of Fedhas.
  6661 | D:9      | Found a snail-covered altar of Cheibriados.
  6669 | D:9      | Found a sacrificial altar of Ru.
  6669 | D:9      | Found an ancient bone altar of Kikubaaqudgha.
  6669 | D:9      | Found a bloodstained altar of Trog.
  6670 | D:9      | Found a basalt altar of Yredelemnul.
  6671 | D:9      | Found an ornate altar of the Wu Jian Council.
  6673 | D:9      | Found a hide-covered altar of Uskayaw.
  6676 | D:9      | Became a worshipper of the Wu Jian Council
  6679 | D:9      | Found a shadowy altar of Dithmenos.
  6780 | D:9      | Killed a death yak
  6780 | D:9      | Reached skill level 5 in Dodging
  7137 | D:10     | Entered Level 10 of the Dungeon
  7137 | D:10     | Noticed a two-headed ogre
  7149 | D:10     | Killed a two-headed ogre
  7156 | D:10     | Reached skill level 10 in Shields
  7264 | D:10     | Reached * piety under Wu Jian
  7286 | D:10     | Noticed a two-headed ogre
  7288 | D:10     | Found a staircase to the Orcish Mines.
  7298 | D:10     | Killed a two-headed ogre
  7298 | D:10     | Reached skill level 10 in Fighting
  7298 | D:10     | Reached skill level 13 in Polearms
  7946 | D:10     | Noticed a deep elf mage
  7970 | D:10     | Killed a deep elf mage
  8457 | D:11     | Noticed a deep elf mage
  8463 | D:11     | Killed a deep elf mage
  8463 | D:11     | Reached ** piety under Wu Jian
  8463 | D:11     | Reached skill level 5 in Axes
  9053 | D:11     | Reached XP level 12. HP: 86/107 MP: 13/13
  9206 | D:11     | Noticed Gastronok
  9227 | D:11     | Killed Gastronok
  9288 | D:11     | Reached skill level 14 in Polearms
  9487 | D:11     | Noticed Erica
  9521 | D:11     | Killed Erica
  9585 | D:11     | Noticed an eight-headed hydra
  9600 | D:11     | Gained mutation: Scrolls take you a little longer to read. [potion of mutation]
  9600 | D:11     | Gained mutation: Your system is resistant to poisons. (rPois) [potion of mutation]
  9600 | D:11     | HP: 1/108 [manticore/volley of spikes (18)]
  9603 | D:11     | Slain by a manticore

Vault maps used:
D:1:      lemuel_arrival_tunnels
D:2:      makhleb_blood_cavern_becter
D:3:      first_bread
D:4:      kennysheep_small_circle
D:5:      led_xom_imps, serial_shops, nicolae_shop_stone, shop,
          nicolae_shop_trees, nicolae_shop_crystal, uniq_sigmund, uniq_menkaure
D:6:      kennysheep_generic_room_12
D:7:      nicolae_whirlpool, minmay_temple_entry_junction, uniq_joseph
D:8:      lemuel_ratsnest, nicolae_ru_the_path_less_chosen
D:9:      minitemple, dpeg_lair_monsters
D:10:     minmay_orc_entry_guard_dogs
D:11:     hangedman_stone_soup, uniq_gastronok, uniq_erica
Temple:   hc_temple_tempest_star

Skill      XL: |  1  2  3  4  5  6  7  8  9 10 11 12 |
---------------+-------------------------------------+-----
Fighting       | 4 5 6 7 9 10 | 10.8
Armour         | 4 5 6 7 9 |  9.3
Axes           | 3 4 5 |  5.4
Shields        | 4 5 6 7 8 9 10 11 | 11.1
Dodging        | 1 2 3 4 5 6 |  6.2
Polearms       | 3 5 7 10 12 13 14 | 14.2
Stealth        | 1 2 |  2.0
Evocations     | 2 3 |  3.2
Throwing       | |  0.4

Action                   |  1- 3 |  4- 6 |  7- 9 | 10-12 || total
-------------------------+-------+-------+-------+-------++-------
Melee: War axe           |    56 |    62 |       |    22 ||   140
       Headbutt          |     8 |    19 |    39 |   124 ||   190
       Trident           |       |    75 |   233 |   572 ||   880
Throw: Tomahawk          |       |       |     1 |     6 ||     7
 Abil: Evoke Berserk Rag |       |       |     2 |     4 ||     6
Evoke: Wand              |       |       |     7 |       ||     7
  Use: Scroll            |       |       |    14 |     8 ||    22
       Potion            |       |       |       |     7 ||     7
  Eat: Chunk             |       |     6 |    10 |    19 ||    35
Armor: Scale mail        |    26 |    52 |    59 |       ||   137
       Ring mail         |       |       |     3 |   113 ||   116
Dodge: Dodged            |     8 |    20 |    59 |   131 ||   218
Block: Shield            |    32 |    69 |    87 |   223 ||   411
